 Dungeon Crawl Stone Soup version 0.20.1-1-g8b1a95d (webtiles) character file.

57 equalderp2856 the Shield-Bearer (level 3, -3/33 HPs)
             Began as a Minotaur Fighter on Aug 12, 2017.
             Killed from afar by a white imp (12 damage)
             ... with a puff of frost
             ... summoned by Natasha
             ... on level 2 of the Dungeon.
             The game lasted 00:03:14 (1031 turns).

equalderp2856 the Shield-Bearer (Minotaur Fighter)  Turns: 1031, Time: 00:03:14

Health: -3/33      AC:  7    Str: 20    XL:     3   Next: 73%
Magic:  2/2        EV:  7    Int:  5    God:
Gold:   85         SH:  9    Dex: 10    Spells: 2/2 levels left

rFire    . . .     SeeInvis .   a - +0 war axe
rCold    . . .     Gourm    .   c - +0 shield
rNeg     . . .     Faith    .   b - +0 scale mail
rPois    .         Spirit   .   (helmet restricted)
rElec    .         Reflect  .   (no cloak)
rCorr    .         Harm     .   (no gloves)
MR       .....                  (no boots)
Stlth    ..........             (no amulet)
Regen    0.2/turn               (no ring)
MPRegen  0.1/turn               (no ring)

@: slowed, very slow
A: retaliatory headbutt, horns 2
a: no special abilities


You were on level 2 of the Dungeon.
You were not hungry.

You visited 1 branch of the dungeon, and saw 2 of its levels.

You collected 85 gold pieces.

Inventory:

Hand Weapons
 a - a +0 war axe (weapon)
 p - a +0 short sword
Missiles
 n - 85 stones (quivered)
Armour
 b - a +0 scale mail (worn)
 c - a +0 shield (worn)
 o - a +0 buckler
Scrolls
 h - 2 scrolls of magic mapping {unknown}
 i - 2 scrolls of teleportation {unknown}
 j - a scroll of recharging {unknown}
 l - a scroll of blinking {unknown}
 m - a scroll of remove curse {unknown}
 q - a scroll of fear {unknown}
Potions
 d - a potion of might
 e - a potion of brilliance {unknown}
 g - a potion of heal wounds
 k - a potion of lignification {unknown}
 r - a potion of cancellation {unknown}
Comestibles
 f - a bread ration


   Skills:
 + Level 4.2 Fighting
 + Level 3.3 Axes
 + Level 4.1 Armour
 + Level 0.4 Dodging
 + Level 4.2 Shields


You had 2 spell levels left.
You didn't know any spells.

Dungeon Overview and Level Annotations

Branches:
Dungeon (2/15)

Altars:

Annotations:
D:2 Natasha, Sigmund


Innate Abilities, Weirdness & Mutations

You reflexively headbutt those who attack you in melee.
You have a pair of horns on your head.


Message History

Natasha casts a spell at you.
You feel yourself slow down. The white imp barely misses you.
You furiously retaliate!
You headbutt the white imp, but do no damage.
You miss Natasha.
Natasha is heavily wounded.
You barely miss the white imp. Natasha claws you.
The white imp closely misses you. Natasha claws you.
* * * LOW HITPOINT WARNING * * *
You block the white imp's attack.
Unknown command.
It was a potion of heal wounds.
You feel much better. Natasha claws you. The white imp gestures at you.
The puff of frost hits you! Natasha claws you.
* * * LOW HITPOINT WARNING * * *
Unknown command.
You block the worm's attack. The white imp gestures at you.
The puff of frost hits you!
You die...

### ..# #.# #.# # #.#
.. #.###.# #
######)....### #.
####.!.@5h>......
#..####.....?.w......##
#.....?.##.###!......#
#....<.....# ........#
#...#########.>.....[#
#.. #........# #.
[........# #
#..##.##..#


You could see a worm, Natasha and a white imp.

Vanquished Creatures
  Terence (D:2)
  A leopard gecko (D:1)
  3 bats (D:1)
  3 giant cockroaches (D:1)
  5 goblins (D:1)
  3 hobgoblins
  5 kobolds (D:1)
  2 ball pythons
  2 frilled lizards (D:1)
  2 rats (D:1)
27 creatures vanquished.

Notes
Turn   | Place    | Note
-------+----------+-------------------------------------------
     0 | D:1      | equalderp2856 the Minotaur Fighter began the quest for the Orb.
     0 | D:1      | Reached XP level 1. HP: 19/19 MP: 0/0
   124 | D:1      | Reached XP level 2. HP: 25/27 MP: 1/1
   811 | D:2      | Noticed Terence
   824 | D:2      | Reached XP level 3. HP: 30/33 MP: 2/2
   830 | D:2      | Killed Terence
   859 | D:2      | Noticed Sigmund
  1021 | D:2      | Noticed Natasha
  1031 | D:2      | Killed from afar by a white imp

Skill      XL: |  1  2  3 |
---------------+----------+-----
Fighting       | 4 |  4.2
Shields        | 4 |  4.2
Axes           | 3 |  3.3
Armour         | 4 |  4.1
Dodging        | |  0.4

Action                   || total
-------------------------++-------
Melee: War axe           ||    62
       Headbutt          ||     4
  Use: Potion            ||     1
Armor: Scale mail        ||    35
Dodge: Dodged            ||    18
Block: Shield            ||    39
